Map: Lightshade LE

Players

Vindicta

  • Race: Terran Terran

DisK - Winner!

  • Race: Protoss Protoss

VOD

Have the link to the VOD?

Description

Time

  • Played on: Oct. 8, 2021, 4 p.m.
  • Length: 12:53
Show
View Real Time Build Order
Export as new Build Order

Vindicta Terran 

Build Orders: Reaper Expand 

Get SALT Encoding   

  12  0:00  SCV  
  13  0:12  SCV  
  14  0:18  Supply Depot  
  14  0:24  SCV  
  15  0:39  SCV  
  15  0:41  Barracks  
  16  0:44  Refinery  
  16  0:51  SCV  
  17  1:03  SCV  
  18  1:15  SCV  
  19  1:28  Reaper, Orbital Command  
  20  1:49  Command Center  
  20  1:54  SCV  
  21  1:59  Supply Depot, Marine  
  22  2:06  SCV  
  23  2:14  Factory  
  23  2:17  Bunker  
  23  2:20  Marine  
  24  2:24  SCV  
  25  2:30  Refinery  
  25  2:36  SCV  
  25  2:39  Barracks Reactor  
  25  2:48  SCV  
  26  2:59  Hellion  
  26  3:00  SCV  
  26  3:01  Orbital Command  
  26  3:05  Starport  
  30  3:12  SCV  
  30  3:15  Marine x2  
  32  3:21  Factory Tech Lab  
  32  3:22  Supply Depot  
  32  3:24  SCV  
  33  3:27  SCV  
  33  3:33  Marine x2  
  36  3:37  SCV  
  36  3:41  Siege Tank  
  40  3:42  Starport Tech Lab  
  40  3:43  SCV  
  41  3:49  SCV  
  41  3:52  Marine  
  41  3:55  SCV  
  41  3:59  Marine  
  41  4:01  SCV, Barracks  
  44  4:05  Raven  
  44  4:09  Supply Depot, SCV  
  47  4:13  SCV, Marine  
  49  4:23  Marine  
  50  4:25  SCV  
  50  4:27  Supply Depot  
  50  4:29  SCV  
  50  4:30  Siege Tank  
  50  4:31  Marine  
  55  4:33  Engineering Bay  
  55  4:36  Refinery  
  55  4:37  SCV  
  57  4:41  SCV  
  57  4:42  Barracks  
  58  4:49  SCV  
  58  4:52  Marine x2  
  59  4:53  SCV  
  59  4:57  Stimpack  
  59  4:59  Refinery  
  62  5:00  Starport Reactor  
  62  5:01  SCV  
  62  5:05  SCV  
  62  5:06  Marine  
  65  5:10  Supply Depot  
  65  5:13  Supply Depot, SCV, Factory Reactor, Marine x2  
  68  5:17  SCV  
  68  5:22  Terran Infantry Weapons Level 1  
  68  5:26  Marauder  
  70  5:32  SCV  
  70  5:33  Supply Depot  
  70  5:35  Supply Depot  
  71  5:38  Combat Shield  
  71  5:40  Marauder  
  73  5:43  Marine  
  73  5:47  Marauder  
  73  5:48  Medivac  
  78  5:51  Marine  
  78  5:53  SCV  
  78  5:55  Medivac  
  82  5:59  Supply Depot  
  82  6:00  Widow Mine  
  82  6:01  Marauder, Widow Mine, Marine  
  89  6:11  Command Center  
  89  6:17  Marauder, Marine  
  89  6:18  Medivac  
  92  6:21  Marine  
  92  6:25  Marine  
  96  6:31  Medivac  
  94  6:34  Marine  
  94  6:36  Widow Mine x2  
  94  6:39  Marauder, Marine  
  102  6:42  Marine  
  102  6:45  Barracks  
  102  6:46  Concussive Shells, Barracks  
  103  6:49  Supply Depot  
  103  6:50  SCV  
  104  6:56  Marine  
  104  6:58  Widow Mine  
  104  6:59  Ghost Academy  
  107  7:05  Widow Mine  
  107  7:07  SCV, Marine  
  109  7:11  Marauder  
  109  7:14  SCV  
  109  7:15  Supply Depot, Marine  
  112  7:16  Terran Infantry Armor Level 1  
  112  7:22  Marine  
  110  7:25  Marine  
  108  7:30  Orbital Command  
  108  7:32  Marauder  
  108  7:33  Marine  
  108  7:41  Marauder, Viking  
  108  7:42  Viking  
  110  7:50  Orbital Command  
  110  7:53  Ghost  
  110  7:54  Barracks Reactor, Barracks Tech Lab  
  110  7:55  Enhanced Shockwaves  
  110  7:58  Widow Mine  
  108  7:59  SCV x2  
  108  8:03  Orbital Command  
  110  8:07  Missile Turret  
  110  8:08  Ghost  
  110  8:11  SCV  
  114  8:14  Ghost  
  115  8:21  Ghost  
  115  8:24  SCV x2  
  119  8:31  SCV  
  120  8:35  Widow Mine  
  120  8:36  SCV  
  120  8:37  SCV  
  125  8:43  SCV  
  128  8:48  Marine  
  128  8:49  Marine x2  
  128  8:50  Refinery  
  128  8:52  Marine  
  128  8:53  Marauder, Missile Turret, SCV, Armory  
  128  8:55  Medivac x2  
  133  8:56  SCV x2  
  133  8:59  Marine  
  136  9:04  Marine  
  136  9:05  SCV  
  136  9:06  Engineering Bay  
  136  9:08  Widow Mine, SCV x2  
  137  9:17  Marine  
  137  9:18  Marauder  
  137  9:21  Marine  
  143  9:24  Marine  
  143  9:28  Marine  
  144  9:33  Liberator  
  144  9:35  Marine  
  148  9:38  Command Center  
  148  9:39  SCV, Refinery  
  148  9:41  Marine  
  148  9:42  Terran Infantry Weapons Level 2, Supply Depot  
  148  9:43  Supply Depot  
  146  9:46  Supply Depot  
  146  9:49  Terran Infantry Armor Level 2  
  145  9:54  Widow Mine  
  145  9:55  Ghost  
  149  10:01  Ghost  
  149  10:04  Marauder, Marine x2  
  149  10:05  Supply Depot  
  153  10:09  SCV x2  
  153  10:11  SCV  
  145  10:17  Marine  
  145  10:18  Marine  
  144  10:21  SCV x2, Marine  
  144  10:24  Marauder  
  150  10:33  Medivac  
  150  10:34  SCV  
  152  10:36  SCV x2, Marine  
  152  10:37  Marine  
  156  10:45  Ghost  
  156  10:47  SCV, Medivac  
  149  10:50  Marine  
  149  10:53  Marine  
  149  10:54  Command Center  
  149  10:57  Terran Ship Weapons Level 1  
  149  10:58  Marauder  
  149  11:00  Missile Turret  
  149  11:03  Medivac  
  155  11:05  Marine  
  154  11:13  Sensor Tower, Marine  
  154  11:14  Marine x2  
  154  11:15  Marauder  
  154  11:17  Widow Mine x2  
  165  11:19  Ghost  
  165  11:23  Marine  
  168  11:28  SCV  
  168  11:30  Supply Depot, Medivac  
  166  11:32  Marine  
  166  11:33  Medivac  
  166  11:37  Marauder, Marine  
  166  11:39  Widow Mine x2  
  153  11:48  SCV  
  153  11:50  Marine x2  
  153  11:53  Marine  
  141  11:58  Marine  
  141  12:00  Widow Mine  
  138  12:01  SCV  
  138  12:02  SCV  
  138  12:03  Marauder  
  138  12:05  Viking  
  143  12:11  Marine  
  143  12:13  Marine  
  143  12:14  SCV  
  143  12:15  Viking  
  137  12:20  SCV  
  137  12:22  Marine  
  141  12:28  Marine x2  
  141  12:29  Marauder  
  145  12:30  SCV  
  145  12:35  SCV  
Show
View Real Time Build Order
Export as new Build Order

DisK Protoss - Winner!

Build Orders: 1 Gate Expand, Blink Stalkers 

Get SALT Encoding   

  12  0:00  Probe  
  13  0:12  Probe  
  14  0:17  Pylon  
  14  0:24  Probe (Chrono Boost)  
  15  0:35  Gateway  
  15  0:36  Probe (Chrono Boost)  
  16  0:45  Probe (Chrono Boost)  
  16  0:46  Assimilator  
  17  0:51  Probe  
  18  1:03  Probe  
  19  1:15  Probe  
  20  1:22  Cybernetics Core  
  20  1:34  Nexus  
  20  1:35  Probe  
  21  1:41  Pylon  
  21  1:48  Assimilator  
  21  1:50  Probe  
  22  1:57  Adept (Chrono Boost)  
  22  1:59  Warp Gate  
  24  2:02  Probe  
  25  2:14  Probe  
  26  2:17  Stalker (Chrono Boost)  
  28  2:26  Probe  
  29  2:35  Twilight Council  
  29  2:40  Probe (Chrono Boost)  
  30  2:46  Stalker, Probe (Chrono Boost)  
  34  2:54  Gateway  
  34  2:55  Probe (Chrono Boost)  
  34  2:56  Probe (Chrono Boost)  
  35  3:02  Probe  
  35  3:03  Probe  
  37  3:11  Blink (Chrono Boost)  
  37  3:15  Probe  
  38  3:21  Probe  
  38  3:26  Pylon  
  39  3:30  Robotics Facility, Probe  
  40  3:35  Probe  
  41  3:42  Probe  
  41  3:47  Stalker  
  43  3:55  Probe  
  43  3:58  Probe  
  45  4:08  Probe  
  45  4:09  Nexus  
  46  4:10  Probe, Pylon  
  46  4:13  Stalker  
  47  4:18  Stalker, Observer  
  47  4:20  Probe  
  47  4:22  Probe  
  52  4:27  Assimilator  
  52  4:29  Assimilator  
  52  4:32  Probe  
  52  4:37  Stalker  
  55  4:39  Observer, Probe  
  57  4:46  Pylon  
  57  4:48  Gateway x2, Probe  
  57  4:51  Probe  
  59  4:54  Observer  
  59  5:03  Probe x2  
  59  5:05  Charge (Chrono Boost)  
  61  5:09  Templar Archives  
  61  5:15  Observer  
  61  5:16  Probe x2  
  61  5:17  Gateway  
  61  5:19  Gateway  
  61  5:21  Observer  
  63  5:23  Pylon  
  63  5:24  Psionic Storm, Probe  
  64  5:28  Probe  
  64  5:30  Probe  
  64  5:33  Shield Battery  
  66  5:37  Probe  
  66  5:40  Probe  
  68  5:46  Warp Prism, High Templar  
  68  5:48  Probe  
  74  5:50  Probe  
  74  5:55  Zealot x2  
  78  5:57  High Templar  
  78  6:00  Pylon  
  78  6:01  Probe  
  78  6:02  Probe x2  
  82  6:11  Observer  
  82  6:14  Zealot, High Templar  
  86  6:19  Gateway x2, Probe x2  
  86  6:21  Probe  
  86  6:23  Assimilator  
  86  6:24  Assimilator  
  89  6:35  Zealot  
  89  6:36  Zealot x2, Observer  
  89  6:38  High Templar  
  100  6:41  Pylon  
  100  6:42  Pylon  
  100  6:46  High Templar  
  99  6:53  Forge  
  99  6:54  Forge  
  99  7:03  Zealot x4  
  99  7:04  Pylon  
  99  7:05  Probe  
  99  7:06  Probe x2  
  110  7:16  Zealot x3  
  115  7:24  Protoss Ground Weapons Level 1 (Chrono Boost)  
  115  7:28  Protoss Ground Armor Level 1 (Chrono Boost)  
  118  7:35  Stalker  
  116  7:37  Stalker x2  
  116  7:39  Nexus  
  116  7:40  Pylon  
  117  7:50  Photon Cannon  
  117  7:56  Stalker x3  
  117  7:57  Observer  
  117  7:58  Zealot  
  122  8:07  Immortal  
  122  8:10  Probe x2  
  122  8:11  Probe  
  127  8:22  Photon Cannon  
  127  8:24  Pylon  
  127  8:25  High Templar x3  
  133  8:29  Archon  
  132  8:37  Pylon  
  132  8:38  Pylon  
  132  8:45  Probe x2  
  134  8:52  Robotics Bay  
  134  8:53  High Templar  
  134  8:54  High Templar x3  
  142  8:57  Zealot x3  
  142  8:59  Archon x2, High Templar  
  142  9:00  Probe x3  
  142  9:01  Probe  
  154  9:03  Archon  
  154  9:12  Gateway, Probe  
  154  9:13  Gateway  
  152  9:19  Protoss Ground Weapons Level 2 (Chrono Boost), Protoss Ground Armor Level 2 (Chrono Boost)  
  152  9:22  Stalker  
  152  9:24  Zealot x2  
  158  9:34  Zealot x4  
  158  9:36  Zealot  
  158  9:37  Observer (Chrono Boost)  
  169  9:41  Robotics Facility  
  169  9:44  Shield Battery  
  169  9:50  Observer (Chrono Boost)  
  162  10:16  Colossus (Chrono Boost)  
  168  10:23  Stalker x2  
  162  10:36  Pylon  
  162  10:38  Pylon  
  162  10:46  Pylon  
  162  10:49  Shield Battery  
  157  11:02  Nexus  
  157  11:05  Colossus (Chrono Boost)  
  157  11:10  Colossus (Chrono Boost), Extended Thermal Lance  
  163  11:16  Photon Cannon  
  163  11:18  Photon Cannon, Zealot x6  
  172  11:20  Pylon  
  180  11:32  Stalker  
  164  11:50  Zealot x5  
  164  11:51  Zealot x3  
  167  11:55  Stalker  
  167  11:56  Stalker  
  163  12:05  Probe  
  163  12:06  Warp Prism (Chrono Boost)  
  163  12:07  Disruptor (Chrono Boost)  
  165  12:15  Probe, Dark Shrine  
  165  12:16  Probe  
  165  12:17  Probe  
  168  12:26  Photon Cannon  
  168  12:28  Probe  
  169  12:31  Zealot x4  
Tags
 
Add a new tag
Caveats
  • Supply blocks, unpowered buildings, or Contaminate may cause inaccurate times.
  • Supply counts are checked every 10 seconds.